 Dungeon Crawl Stone Soup version 0.31-a0-1626-g5cb510d322 (webtiles) character file.

Game seed: 580847871680255717

7287 swappor the Cleaver (level 10, 0/88 HPs)
             Began as a Minotaur Berserker on Jan 13, 2024.
             Was an Elder of Trog.
             Slain by an eight-headed hydra (10 damage)
             ... on level 10 of the Dungeon.
             The game lasted 00:42:43 (8357 turns).

swappor the Cleaver (Minotaur Berserker)            Turns: 8357, Time: 00:42:44

Health: 0/88       AC: 21    Str: 32    XL:     10   Next: 89%
Magic:  9/9        EV: 10    Int:  4    God:    Trog [****..]
Gold:   458        SH: 10    Dex: 11    Spells: 9/9 levels left

rFire   . . .        D - +0 morningstar (flame)
rCold   + . .        j - +0 kite shield
rNeg    . . .        u - +8 scale mail "Hereawka" {^Drain Will+ Regen+ Str+7}
rPois   .            (helmet restricted)
rElec   .            z - +2 cloak
rCorr   .            (no gloves)
SInv    .            E - +2 pair of boots
Will    +....        C - amulet of faith Stlth
                     a - ring of protection from cold
HPRegen 1.14/turn    (no ring)
MPRegen 0.11/turn

%: faith
@: on berserk cooldown, slowed, very slow
A: horns 2, retaliatory headbutt
a: Renounce Religion, Berserk, Trog's Hand, Brothers in Arms


You were on level 10 of the Dungeon.
You worshipped Trog.
Trog was greatly pleased with you.
You visited 1 branch of the dungeon, and saw 12 of its levels.

You collected 530 gold pieces.
You spent 72 gold pieces at shops.

Inventory:

Hand Weapons
 D - a +0 morningstar of flaming (weapon)
Missiles
 m - 10 javelins (quivered)
 v - 3 curare-tipped darts
Armour
 j - a +0 kite shield (worn)
 u - the +8 scale mail "Hereawka" (worn) {^Drain Will+ Regen+ Str+7}
   (You found it on level 4 of the Dungeon)

   Str+7:     It affects your strength (+7).
   Will+:     It increases your willpower.
   Regen+:    It increases your rate of health regeneration.
   ^Drain:    It drains your maximum health when unequipped.
 z - a +2 cloak (worn)
 E - a +2 pair of boots (worn)
Jewellery
 a - a ring of protection from cold (left hand)
 C - an amulet of faith (around neck)
Wands
 s - a wand of mindburst (9)
 A - a wand of paralysis (7)
Scrolls
 g - a scroll of silence
 i - a scroll of blinking {unknown}
 k - a scroll of enchant weapon {unknown}
 l - a scroll of teleportation
 n - a scroll of noise {unknown}
 o - 2 scrolls of enchant armour
 q - a scroll of fear {unknown}
 r - 2 scrolls of brand weapon
 x - 2 scrolls of amnesia {unknown}
 y - 2 scrolls of poison
 F - a scroll of vulnerability {unknown}
Potions
 b - 4 potions of curing
 c - a potion of mutation {unknown}
 d - 2 potions of ambrosia {unknown}
 e - a potion of cancellation {unknown}
 f - 3 potions of heal wounds {unknown}
 h - a potion of haste
 p - a potion of attraction {unknown}
 t - a potion of enlightenment {unknown}
 w - a potion of brilliance {unknown}
 B - a potion of resistance {unknown}


   Skills:
 - Level 7.8 Fighting
 - Level 12.0 Axes
 - Level 5.0 Throwing
 - Level 5.0 Armour
 - Level 2.4 Dodging
 - Level 8.0 Shields
 + Level 7.7 Evocations


You had 9 spell levels left.
You didn't know any spells.
Your spell library was empty.

Dungeon Overview and Level Annotations

Branches:
Dungeon (12/15)            Temple (0/1) D:4
   Lair: D:8-11         Orc: D:9-12

Altars:
Fedhas
Nemelex Xobeh
Ru

Shops:
D:1 [(:   D:5 (   D:6 *   D:9 :


Innate Abilities, Weirdness & Mutations

You have a pair of horns on your head.
You reflexively headbutt those who attack you in melee.


Message History

The eight-headed hydra bites your ogre! The eight-headed hydra bites your ogre.
Your ogre dies!
Your ogre's corpse disappears in a puff of smoke!
You hit the yak. You burn the yak. You headbutt the yak!
The yak is almost dead.
The yak barely misses you.
You impale the yak!! You burn the yak.
You feel the power of Trog in you as your rage grows.
You kill the yak!
Trog accepts your kill.
You sock the yak! You burn the yak. You headbutt the yak!!
The yak is almost dead.
The orc knight unwields a +0 long sword.
The orc knight wields a +0 arbalest.
The orc knight shoots a bolt.
The bolt hits you! You block the yak's attack.
You hit the yak. You burn the yak.
You kill the yak!
Trog accepts your kill.
The orc knight shoots a bolt.
The bolt hits you!
* * * LOW HITPOINT WARNING * * *
The orc knight shoots a bolt.
The bolt hits you but does no damage.
You see here a yak corpse.
You feel a strong urge to attack something.
The orc knight unwields a +0 arbalest.
The orc knight wields a +0 long sword.
You block the orc knight's attack.
You barely miss the orc knight.
The orc knight hits you with a +0 long sword.
* * * LOW HITPOINT WARNING * * *
You closely miss the orc knight.
You are no longer berserk.
You are exhausted.
You feel yourself slow down.
You block the eight-headed hydra's attack.
The eight-headed hydra bites you!
* * * LOW HITPOINT WARNING * * *
You block the eight-headed hydra's attack.
The eight-headed hydra closely misses you.
The eight-headed hydra bites you but does no damage. x2
The eight-headed hydra bites you!
You die...

######### #..)....## #
#### #†##.....#.D.#
#...###D#..♣..?..♣
###......@...♣♣...♣♣
#........o...♣ ♣.♣♣
####.##.##.#.♣♣♣.♣ .♣
..#.##.##..(.♣♣♣.♣ ♣
#.#.##.###....♣♣♣♣
#.#....# #.##.....
#.####......###.#..♣♣♣♣
.........>..##.Y.♣♣
#####...)>....##.♣♣♣.♣


You could see an eight-headed hydra and an orc knight.

Vanquished Creatures
  Urug (D:10)
  Joseph (D:7)
  Maggie (D:8)
  A kobold demonologist (D:9)
  Grinder (D:3)
  A wraith (D:11)
  4 yaks (D:10)
  A steam dragon (D:7)
  3 vampire mosquitoes (D:11)
  An acid dragon (D:8)
  2 water moccasins (D:8)
  An orc warrior (D:9)
  2 black bears (D:5)
  2 sky beasts
  3 ogres (D:5)
  2 centaurs (D:9)
  2 phantoms
  2 kobold brigands
  A gnoll sergeant (D:8)
  11 wights
  8 scorpions
  3 killer bees
  An electric eel (D:8)
  4 howler monkeys
  A bombardier beetle (D:5)
  A hound (D:6)
  Crazy Yiuf (D:7)
  4 orc priests
  2 sleepcaps
  A jelly (D:6)
  A gnoll bouda (D:7)
  2 iguanas
  4 orc wizards
  9 adders
  11 gnolls
  4 shadow imps
  6 ufetubi (D:6)
  4 dart slugs
  31 orcs
  6 ball pythons
  4 endoplasms
  5 giant cockroaches
  8 goblins
  7 hobgoblins
  3 quokkas
  7 bats
  A frilled lizard (D:2)
  13 kobolds
  4 rats
199 creatures vanquished.

Vanquished Creatures (collateral kills)
  A deep elf pyromancer (D:10)
  2 yaks (D:10)
3 creatures vanquished.

Grand Total: 202 creatures vanquished

Notes
Turn   | Place    | Note
-------+----------+-------------------------------------------
     0 | D:1      | swappor the Minotaur Berserker began the quest for the Orb.
     0 | D:1      | Reached XP level 1. HP: 19/19 MP: 0/0
    68 | D:1      | Found Bufrel's Book Shoppe.
    78 | D:1      | Reached XP level 2. HP: 27/27 MP: 1/1
    91 | D:1      | Reached skill level 4 in Axes
   286 | D:1      | Found Fosoto's Antique Armour Boutique.
   398 | D:1      | Reached ** piety under Trog
   399 | D:1      | Reached XP level 3. HP: 32/33 MP: 2/2
   578 | D:1      | Found Ponasm's Weapon Shop.
   842 | D:2      | Reached skill level 5 in Axes
  1045 | D:1      | Bought a kite shield for 72 gold pieces
  1491 | D:3      | Reached XP level 4. HP: 40/40 MP: 3/3
  1596 | D:3      | Noticed a scorpion
  1604 | D:3      | Killed a scorpion
  1605 | D:3      | Reached skill level 6 in Axes
  1816 | D:3      | Noticed Grinder
  1832 | D:3      | Killed Grinder
  1833 | D:3      | Reached skill level 8 in Axes
  1833 | D:3      | Reached skill level 1 in Shields
  1833 | D:3      | Reached XP level 5. HP: 21/46 MP: 4/4
  1833 | D:3      | Reached XP level 6. HP: 24/52 MP: 5/5
  2480 | D:4      | Identified the +8 scale mail "Hereawka" {^Drain Will+
                  | Regen+ Str+7}
  2624 | D:4      | Reached XP level 7. HP: 58/58 MP: 6/6
  2695 | D:4      | Found a staircase to the Ecumenical Temple.
  2775 | D:4      | Reached skill level 5 in Shields
  3123 | D:4      | Found a sacrificial altar of Ru.
  3152 | D:5      | Entered Level 5 of the Dungeon
  3195 | D:5      | Reached skill level 1 in Throwing
  3448 | D:5      | Reached XP level 8. HP: 66/66 MP: 7/7
  3705 | D:5      | Reached skill level 5 in Throwing
  3759 | D:5      | Found Voupnodgh's Antique Weapon Emporium.
  3945 | D:5      | Reached skill level 5 in Fighting
  3945 | D:5      | Reached skill level 9 in Axes
  3981 | D:5      | Found a blossoming altar of Fedhas.
  4074 | D:6      | Reached *** piety under Trog
  4257 | D:6      | Reached skill level 10 in Axes
  4466 | D:6      | Found a sparkling altar of Nemelex Xobeh.
  4633 | D:6      | Found Xeudoc's Elemental Accessories.
  5136 | D:6      | Reached skill level 11 in Axes
  5226 | D:7      | Reached XP level 9. HP: 72/74 MP: 8/8
  5589 | D:7      | Found a runed translucent door.
  5590 | D:7      | Noticed Crazy Yiuf
  5669 | D:7      | Reached skill level 12 in Axes
  5997 | D:7      | Noticed Joseph
  6015 | D:7      | Killed Joseph
  6016 | D:7      | Reached skill level 5 in Armour
  6451 | D:7      | Killed Crazy Yiuf
  6489 | D:8      | Noticed Maggie
  6648 | D:8      | Killed Maggie
  6729 | D:8      | Reached **** piety under Trog
  6780 | D:8      | Reached XP level 10. HP: 57/86 MP: 9/9
  7529 | D:9      | Found Fyfiffor's Book Emporium.
  7825 | D:9      | You fall into a shaft and drop 3 floors!
  8093 | D:11     | Noticed a two-headed ogre
  8093 | D:11     | Noticed a catoblepas
  8130 | D:12     | Noticed a cyclops
  8175 | D:11     | Noticed a manticore
  8209 | D:11     | Noticed Urug
  8217 | D:10     | Entered Level 10 of the Dungeon
  8221 | D:10     | Reached skill level 5 in Evocations
  8222 | D:10     | Killed Urug
  8319 | D:10     | Noticed a deep elf pyromancer
  8333 | D:10     | Killed a deep elf pyromancer
  8342 | D:10     | Noticed an eight-headed hydra
  8348 | D:10     | Noticed an orc knight
  8357 | D:10     | Slain by an eight-headed hydra

Illustrated notes

Levels and vault maps discovered:
D:1:      psy_arrival_spokes, layout_loops_ring, serial_shops,
          nicolae_book_shop_shelving, nicolae_shop_tiny_glass,
          nicolae_shop_stone, nrook_campfire
D:2:      layout_basic
D:3:      layout_basic, nrook_loot_triangle, minmay_misc_feat_tower,
          minmay_misc_feat_nine_boxes, uniq_grinder
D:4:      layout_cave_pools, nicolae_ru_path_of_blood, minmay_temple_entry_hall
D:5:      layout_basic, mainiacjoe_overflow_alcove_4, serial_shops,
          kennysheep_mini_moat
D:6:      layout_loops_corners, nemelex_diamond_rough_becter,
          nicolae_elemental_shop
D:7:      layout_gridville, enter_bailey_5, uniq_crazy_yiuf_cottage, uniq_joseph
D:8:      layout_cave_pools, minivault_14, nicolae_zen_rock_garden, uniq_maggie
D:9:      layout_irregular_city, makhleb_altar_promises_db,
          nicolae_inconvenience_store, due_unseen_surprise
D:10:     layout_loops_ring, okawaru_ov_weapons_minmay, general_overflow_altar,
          nicolae_wu_jian_wuxing_cycle, kb_rosetta
D:11:     layout_big_octagon, erik_lair_island, fedhas_altar_2, uniq_urug
D:12:     minmay_sliced_demisemicircle, layout_irregular_city, erik_orc_3,
          nicolae_gozag_cash_rules_everything_around_me, uniq_sonja, uniq_kirke,
          uniq_maurice

Skill      XL: |  1  2  3  4  5  6  7  8  9 10 |
---------------+-------------------------------+-----
Axes           | 4 5 8 11 12 | 12.0
Shields        | 1 4 5 8 |  8.0
Throwing       | 4 5 |  5.0
Fighting       | 5 7 |  7.8
Armour         | 5 |  5.0
Evocations     | 7 |  7.7
Dodging        | |  2.4

Action                     |  1- 3 |  4- 6 |  7- 9 | 10-12 || total
---------------------------+-------+-------+-------+-------++-------
  Melee: Hand axe          |    68 |    40 |       |       ||   108
         Headbutt          |    10 |    11 |    59 |    17 ||    97
         Whip              |       |    45 |   127 |       ||   172
         Morningstar       |       |       |   173 |    97 ||   270
         Mace              |       |       |     7 |       ||     7
  Throw: Javelin           |       |     1 |     4 |       ||     5
         Dart              |       |       |     6 |       ||     6
 Invoke: Berserk           |     1 |     2 |     3 |     3 ||     9
         Trog's Hand       |       |     2 |     1 |       ||     3
         Brothers in Arms  |       |       |       |     1 ||     1
    Use: Scroll            |       |       |     6 |     3 ||     9
         Potion            |       |       |       |     2 ||     2
 Armour: Animal skin       |     5 |       |       |       ||     5
         Leather armour    |    18 |       |       |       ||    18
         Scale mail        |     2 |     6 |   191 |   140 ||   339
         Chain mail        |       |    32 |       |       ||    32
  Dodge: Dodged            |    45 |    19 |   122 |    68 ||   254
  Block: Kite shield       |     3 |    23 |   151 |    99 ||   276

Table legend: (Time is in decaauts)
 A = Elapsed time spent in this place.
 B = Non-inter-level travel time spent in this place.
 C = Inter-level travel time spent in this place.
 D = Time resting spent in this place.
 E = Time spent auto-exploring this place.
 F = Levels seen in this place.
 G = Mean time per level.
                   A        B        C        D        E       F      G
               +--------+--------+--------+--------+--------+-----+--------+
         Total |   8440 |   8068 |    372 |    472 |   4296 |  12 |  703.3 |
       Dungeon |   8440 |   8068 |    372 |    472 |   4296 |  12 |  703.3 |
               +--------+--------+--------+--------+--------+-----+--------+

Top non-repeatable levels by time:
     D:7: 1403 daAuts
     D:6: 1065 daAuts
     D:5: 965 daAuts
     D:4: 914 daAuts
     D:3: 826 daAuts
     D:8: 817 daAuts
     D:2: 734 daAuts
     D:1: 717 daAuts
     D:9: 483 daAuts
    D:12: 300 daAuts
    D:10: 133 daAuts
    D:11: 77 daAuts
